 Dungeon Crawl Stone Soup version 0.31-a0-981-geadf994542 (webtiles) character file.

Game seed: 16988148817845019526

8380 Gargoyl the Cleaver (level 11, -1/106 HPs)
             Began as a Gargoyle Berserker on Nov 1, 2023.
             Was an Elder of Trog.
             Slain by a death knight
             ... wielding a +3 broad axe
              (5 damage)
             ... on level 8 of the Dungeon.
             The game lasted 00:09:41 (7377 turns).

Gargoyl the Cleaver (Gargoyle Berserker)            Turns: 7377, Time: 00:09:41

Health: -1/106     AC: 22    Str: 21      XL:     11   Next: 30%
Magic:  11/11      EV: 15    Int:  5 (8)  God:    Trog [****..]
Gold:   632        SH:  8    Dex: 12 (13) Spells: 10/10 levels left

rFire   . . .        p - +0 war axe (elec)
rCold   . . .        A - +0 kite shield
rNeg    + . .        m - +1 scale mail
rPois   ∞            h - +1 helmet of Vemnem {rCorr}
rElec   +            y - +2 cloak
rCorr   +            (no gloves)
SInv    .            (no boots)
Will    .....        d - amulet of the acrobat Stlth
                     z - +5 ring of evasion
HPRegen 0.37/turn    (no ring)
MPRegen 0.12/turn

%: acrobat
@: berserking, very quick
A: sickness immunity, AC +8, negative energy resistance 1, electricity
resistance, torment resistance 1, petrification resistance
a: Renounce Religion, Berserk, Trog's Hand, Brothers in Arms


You were on level 8 of the Dungeon.
You worshipped Trog.
Trog was greatly pleased with you.
You visited 1 branch of the dungeon, and saw 8 of its levels.

You collected 632 gold pieces.

Inventory:

Hand Weapons
 a - a +0 hand axe
 o - a +2 trident of draining
 p - a +0 war axe of electrocution (weapon)
Missiles
 B - 2 throwing nets
Armour
 h - the +1 helmet of Vemnem (worn) {rCorr}
   (You took it off Robin on level 2 of the Dungeon)

   rCorr:     It protects you from acid and corrosion.
 m - a +1 scale mail (worn)
 y - a +2 cloak (worn)
 A - a +0 kite shield (worn)
Jewellery
 d - an amulet of the acrobat (around neck)
 z - a +5 ring of evasion (left hand)
Wands
 j - a wand of iceblast (4)
 s - a wand of paralysis (35)
 w - a wand of polymorph (13)
 x - a wand of mindburst (11)
Scrolls
 b - a scroll of blinking
 e - a scroll of fear
 k - a scroll of revelation
 n - 2 scrolls of silence
 q - a scroll of identify
 t - a scroll of vulnerability
Potions
 c - a potion of enlightenment
 f - a potion of heal wounds
 g - 2 potions of lignification
 i - 2 potions of attraction
 l - a potion of degeneration
 r - a potion of haste


   Skills:
 + Level 9.2 Fighting
 + Level 11.9 Axes
 + Level 6.5 Armour
 + Level 4.3 Dodging
 + Level 3.6 Stealth
 + Level 3.4 Shields


You had 10 spell levels left.
You didn't know any spells.
Your spell library was empty.

Dungeon Overview and Level Annotations

Branches:
Dungeon (8/15)             Temple (0/1) D:5
   Lair: D:8-11

Altars:
Cheibriados
Kikubaaqudgha
Makhleb
Nemelex Xobeh
Okawaru
Wu Jian
Yredelemnul

Shops:
D:2 *


Innate Abilities, Weirdness & Mutations

You are immune to sickness and miasma.
Your stone body is resilient. (AC +8)
You are immune to poison.
You resist negative energy. (rN+)
You are resistant to electric shocks. (rElec)
You are resistant to unholy torment.
You are immune to petrification.


Message History

You slash the death knight!
Lightning courses through the death knight!!
The death knight is heavily wounded.
The death knight reflects your damage back at you!
You block the death knight's attack.
You closely miss the death knight.
The death knight is heavily wounded.
You barely miss the death knight.
The death knight is heavily wounded.
The death knight barely misses you.
You barely miss the death knight.
The death knight is heavily wounded.
The death knight hits you with a +3 broad axe.
You slash the death knight!
The death knight is severely wounded.
The death knight reflects your damage back at you!
* * * LOW HITPOINT WARNING * * *
The death knight's dark mirror aura disappears.
You closely miss the death knight.
The death knight is severely wounded.
The death knight hits you with a +3 broad axe.
* * * LOW HITPOINT WARNING * * *
You hit the death knight.
Lightning courses through the death knight!
The death knight is almost dead.
The death knight hits you with a +3 broad axe!!
* * * LOW HITPOINT WARNING * * *
You completely miss the death knight.
The death knight is almost dead.
You barely miss the death knight.
The death knight is almost dead.
The death knight invokes the aid of Yredelemnul against you.
You feel a surge of unholy energy.
You hit the death knight but do no damage.
The death knight is almost dead.
You block the death knight's attack.
You slash the death knight!
The death knight is almost dead.
The death knight hits you with a +3 broad axe.
You die...

♣.~...###...~.♣#.♣♣ #
♣.....#.#.....♣#♣.♣♣ #
♣.....#.#))...♣ ♣♣.♣♣# ♣
♣.............♣ ♣♣.♣#
♣.#♣.###.....###.♣#♣♣♣♣.#
..♣#)...~....#♣....⌠.†)
.#♣.###.....###.♣#♣♣♣♣.#
♣....p........♣ ♣♣.♣#
♣....@#.#.....♣ ♣♣.♣♣#
♣.....#.#.....♣#♣.♣♣ #
♣.~...###...~.♣#.♣♣ #
♣......♣......♣#♣.♣♣ #
♣♣♣♣♣♣♣)♣♣♣♣♣♣♣ ♣♣.♣ #
### ###.### ##### #.#
♣♣♣.....♣♣♣ . #.#
#♣♣♣..##'##..♣♣♣# ##
#.#####.♣.♣.#.⌠.#.♣.♣.# #


You could see a death knight.

Vanquished Creatures
  A boulder beetle (D:8)
  A deep elf pyromancer (D:7)
  An ugly thing (D:8)
  Jeremiah (D:7)
  A hornet (D:8)
  4 slime creatures (D:8)
  5 yaks (D:8)
  A wraith (D:7)
  2 wyverns
  A basilisk (D:8)
  A shadow (D:8)
  A steam dragon (D:8)
  2 water moccasins
  3 orc warriors (D:8)
  A hornet zombie (D:5)
  3 black bears
  A sky beast (D:8)
  An ogre (D:6)
  3 centaurs (D:8)
  4 kobold brigands
  2 bullfrogs
  A wyvern zombie (D:5)
  2 scorpions
  7 gnoll sergeants (D:8)
  2 water moccasin zombies (D:5)
  2 wights (D:8)
  3 killer bees (D:8)
  2 howler monkeys (D:8)
  A jelly (D:6)
  2 gnoll boudas (D:8)
  4 hounds
  5 orc priests
  2 iguanas (D:5)
  5 orc wizards
  3 sleepcaps
  A scorpion zombie (D:5)
  Robin (D:2)
  A howler monkey zombie (D:5)
  16 gnolls
  8 adders
  A shadow imp (D:6)
  A white imp (D:6)
  3 dart slugs
  26 orcs
  3 bats
  6 endoplasms
  3 giant cockroaches
  40 goblins
  26 hobgoblins
  3 jackals (D:2)
  10 kobolds
  14 ball pythons
  3 frilled lizards
  3 rats
250 creatures vanquished.

Vanquished Creatures (collateral kills)
  Maggie (D:7)
1 creature vanquished.

Grand Total: 251 creatures vanquished

Notes
Turn   | Place    | Note
-------+----------+-------------------------------------------
     0 | D:1      | Gargoyl the Gargoyle Berserker began the quest for the Orb.
     0 | D:1      | Reached XP level 1. HP: 14/14 MP: 1/1
   171 | D:1      | Reached XP level 2. HP: 15/19 MP: 2/2
   237 | D:1      | Reached skill level 3 in Axes
  1058 | D:2      | Found Leviat's General Store.
  1078 | D:2      | Identified the +1 helmet of Vemnem {rCorr}
  1078 | D:2      | Noticed Robin
  1083 | D:2      | Reached XP level 3. HP: 24/24 MP: 3/3
  1089 | D:2      | Killed Robin
  1224 | D:2      | Reached ** piety under Trog
  1363 | D:2      | Reached XP level 4. HP: 29/29 MP: 4/4
  2020 | D:3      | Reached skill level 4 in Axes
  2020 | D:3      | Reached skill level 1 in Stealth
  2025 | D:3      | Reached XP level 5. HP: 33/33 MP: 5/5
  2281 | D:3      | Found a faded altar of an unknown god.
  2547 | D:4      | Reached XP level 6. HP: 8/39 MP: 6/6
  2739 | D:4      | Found a burning altar of Makhleb.
  2904 | D:4      | Found a snail-covered altar of Cheibriados.
  3229 | D:4      | Noticed a black bear
  3239 | D:4      | Killed a black bear
  3240 | D:4      | Reached skill level 5 in Axes
  3332 | D:4      | Reached *** piety under Trog
  3658 | D:4      | Reached XP level 7. HP: 41/44 MP: 7/7
  3713 | D:4      | Reached **** piety under Trog
  4059 | D:5      | Entered Level 5 of the Dungeon
  4165 | D:5      | Found a basalt altar of Yredelemnul.
  4167 | D:5      | Reached skill level 5 in Fighting
  4177 | D:5      | Reached skill level 6 in Axes
  4182 | D:5      | Reached XP level 8. HP: 13/49 MP: 8/8
  4355 | D:5      | Found a staircase to the Ecumenical Temple.
  4411 | D:5      | Reached skill level 7 in Axes
  4631 | D:5      | Found an ornate altar of the Wu Jian Council.
  4716 | D:5      | Found an iron altar of Okawaru.
  4764 | D:5      | Found a sparkling altar of Nemelex Xobeh.
  5048 | D:6      | Reached skill level 8 in Axes
  5513 | D:7      | Noticed a wraith
  5522 | D:7      | Killed a wraith
  5523 | D:7      | Reached XP level 9. HP: 56/56 MP: 9/9
  5662 | D:7      | Noticed Maggie
  5670 | D:7      | Killed Maggie
  5826 | D:7      | Reached skill level 9 in Axes
  6117 | D:7      | Noticed Jeremiah
  6131 | D:7      | Killed Jeremiah
  6289 | D:7      | Noticed a deep elf pyromancer
  6297 | D:7      | Killed a deep elf pyromancer
  6298 | D:7      | Reached skill level 5 in Armour
  6327 | D:8      | Reached skill level 10 in Axes
  6327 | D:8      | Reached XP level 10. HP: 50/63 MP: 10/10
  6529 | D:8      | Found the +5 woodcutter's axe
  6725 | D:8      | Identified the staff "Ruysomm" {rElec Str+2 Dex+2 Air}
  6727 | D:8      | Noticed a boulder beetle
  6769 | D:8      | Reached skill level 11 in Axes
  6769 | D:8      | Reached skill level 1 in Shields
  6773 | D:8      | Identified the staff "Orb Guardian's Curse" {rC+ Str+2 Ice}
  6775 | D:8      | Killed a boulder beetle
  6783 | D:8      | Reached XP level 11. HP: 18/69 MP: 11/11
  6797 | D:8      | HP: 4/103 [water moccasin (5)]
  7191 | D:8      | Noticed a cyan ugly thing
  7209 | D:8      | Killed a cyan ugly thing
  7270 | D:8      | Found an ancient bone altar of Kikubaaqudgha.
  7361 | D:8      | Noticed a death knight
  7373 | D:8      | HP: 3/106 [death knight/+3 broad axe (22)]
  7377 | D:8      | Slain by a death knight

Illustrated notes

Levels and vault maps discovered:
D:1:      psy_arrival_heroes, layout_basic, serial_bayou_pond_c
D:2:      minmay_spotlight, layout_loops_ring, serial_shops,
          nicolae_shop_just_a_little_nook, minmay_snake_closets, uniq_robin
D:3:      layout_rooms, hellmonk_ecumenical_altar_crossroads
D:4:      minmay_goblin_kobold_castle, layout_gridville, lightli_temple_of_fire,
          nicolae_overflow_crystal_walls
D:5:      layout_rooms, lemuel_tele_altar, lemuel_crystal_altar,
          nicolae_yredelemnul_corpse_copse, mainiacjoe_overflow_alcove_2,
          minmay_temple_entry_statues_fountains
D:6:      layout_gridville
D:7:      layout_basic, guppyfry_early_elven_hall, uniq_maggie, uniq_jeremiah
D:8:      nzn_winding_woodlands_cross [nzn_winding_woodlands_5x15_eye,
          nzn_winding_woodlands_5x15_crooked, nzn_winding_woodlands_5x15_cabin,
          nzn_winding_woodlands_5x15_sawtooth,
          nzn_winding_woodlands_15x15_five_gardens], layout_loops_ring,
          mainiacjoe_overflow_alcove_1, grunt_ministairs_15,
          pf_guarded_unrand_woodcutter

Skill      XL: |  1  2  3  4  5  6  7  8  9 10 11 |
---------------+----------------------------------+-----
Axes           | 3 4 5 6 8 10 11 | 11.9
Fighting       | 4 5 6 7 8 9 |  9.2
Dodging        | 2 3 4 |  4.3
Stealth        | 1 2 3 |  3.6
Armour         | 3 5 6 |  6.5
Shields        | 2 3 |  3.4

Action                     |  1- 3 |  4- 6 |  7- 9 | 10-12 || total
---------------------------+-------+-------+-------+-------++-------
  Melee: Hand axe          |    96 |   114 |       |       ||   210
         Punch             |     1 |     2 |     1 |     1 ||     5
         War axe           |       |    74 |   204 |   238 ||   516
 Invoke: Berserk           |     1 |     4 |     6 |     6 ||    17
         Trog's Hand       |       |     1 |     5 |     6 ||    12
         Brothers in Arms  |       |       |     1 |     1 ||     2
    Use: Scroll            |     2 |     4 |     7 |       ||    13
         Potion            |       |       |       |     9 ||     9
   Stab: Sleeping          |     2 |     2 |       |       ||     4
         Distracted        |       |       |     1 |       ||     1
 Armour: Animal skin       |    60 |   155 |    57 |       ||   272
         Scale mail        |       |       |   126 |   121 ||   247
         Skin              |       |       |       |    30 ||    30
  Dodge: Dodged            |    82 |   215 |   186 |   147 ||   630
  Block: Kite shield       |       |       |       |    74 ||    74

Table legend: (Time is in decaauts)
 A = Elapsed time spent in this place.
 B = Non-inter-level travel time spent in this place.
 C = Inter-level travel time spent in this place.
 D = Time resting spent in this place.
 E = Time spent auto-exploring this place.
 F = Levels seen in this place.
 G = Mean time per level.
                   A        B        C        D        E       F      G
               +--------+--------+--------+--------+--------+-----+--------+
         Total |   7601 |   7347 |    254 |    397 |   5073 |   8 |  950.1 |
       Dungeon |   7601 |   7347 |    254 |    397 |   5073 |   8 |  950.1 |
               +--------+--------+--------+--------+--------+-----+--------+

Top non-repeatable levels by time:
     D:4: 1714 daAuts
     D:8: 1106 daAuts
     D:1: 986 daAuts
     D:2: 927 daAuts
     D:7: 826 daAuts
     D:5: 768 daAuts
     D:3: 657 daAuts
     D:6: 615 daAuts
